Map: Simulacrum LE

Players

Mellow

  • Race: Zerg Zerg
  • League: Diamond
  • Spawn Location: 11:00

ViBE - Winner!

  • Race: Terran Terran
  • League: Master
  • Spawn Location: 5:00

VOD

Have the link to the VOD?

Description

Time

  • Played on: Dec. 26, 2019, 9:35 p.m.
  • Length: 11:57
Show
View Real Time Build Order
Export as new Build Order

Mellow Zerg 

Build Orders: Hatch First, Lurkers 

Get SALT Encoding   

  12  0:00  Drone  
  13  0:14  Overlord  
  13  0:17  Drone  
  14  0:33  Drone x2  
  16  0:37  Drone  
  17  0:54  Hatchery  
  17  0:56  Drone  
  17  0:58  Drone  
  18  1:11  Extractor  
  17  1:13  Spawning Pool  
  17  1:16  Drone  
  17  1:19  Drone  
  18  1:30  Drone  
  19  1:40  Drone  
  20  1:52  Drone  
  21  2:02  Drone  
  21  2:05  Queen x2  
  21  2:07  Overlord  
  26  2:21  Hatchery  
  26  2:22  Drone  
  26  2:24  Drone  
  26  2:28  Metabolic Boost  
  27  2:33  Extractor  
  27  2:35  Spore Crawler  
  25  2:38  Extractor  
  25  2:40  Drone  
  25  2:46  Drone x2  
  29  2:56  Drone  
  31  3:01  Drone  
  31  3:02  Drone, Overlord  
  33  3:05  Drone  
  34  3:15  Queen  
  34  3:19  Overlord  
  36  3:20  Queen  
  36  3:22  Drone x2  
  36  3:23  Drone  
  36  3:25  Drone  
  42  3:32  Drone x2  
  42  3:33  Drone x2  
  46  3:54  Queen  
  50  3:55  Zergling x6  
  50  3:56  Zergling x4  
  50  3:57  Drone x3  
  50  3:58  Drone  
  50  4:00  Lair  
  57  4:06  Extractor, Queen  
  57  4:07  Extractor  
  57  4:09  Drone  
  58  4:13  Overlord  
  58  4:14  Overlord  
  58  4:33  Queen  
  60  4:43  Drone x2  
  60  4:44  Drone x5  
  66  4:46  Zergling x4  
  66  4:47  Zergling x4  
  69  5:02  Drone x2  
  69  5:03  Drone x2  
  69  5:04  Extractor, Overlord x2, Baneling Nest  
  71  5:22  Zergling x6  
  71  5:23  Drone  
  71  5:24  Drone x6  
  81  5:49  Baneling x3  
  81  5:50  Baneling x2, Centrifical Hooks  
  81  5:52  Drone x4  
  81  5:54  Drone x2  
  81  5:55  Drone  
  88  6:03  Hydralisk Den, Queen  
  88  6:04  Queen x2  
  83  6:13  Zergling x16  
  83  6:14  Zergling x4  
  89  6:23  Zergling x6  
  89  6:24  Overlord  
  89  6:25  Overlord  
  87  6:39  Zergling x2  
  81  6:40  Zergling x14  
  81  6:51  Zergling x12  
  85  6:57  Queen  
  85  6:59  Zergling x6  
  85  7:06  Zergling x4  
  78  7:09  Queen  
  78  7:13  Baneling  
  78  7:14  Baneling x2  
  78  7:15  Zergling x12  
  79  7:19  Grooved Spines  
  84  7:23  Extractor x2  
  84  7:25  Hydralisk x6  
  84  7:27  Baneling x2  
  84  7:29  Overlord  
  92  7:38  Queen  
  92  7:39  Hydralisk x2  
  95  7:45  Hydralisk  
  95  7:46  Hydralisk  
  92  8:00  Hydralisk x5  
  92  8:01  Queen  
  92  8:02  Queen  
  104  8:12  Hydralisk x4  
  89  8:13  Queen  
  72  8:32  Zergling x8, Hydralisk x3  
  72  8:33  Zergling x2, Hydralisk  
  81  8:38  Drone  
  82  9:00  Hatchery  
  81  9:03  Drone  
  81  9:04  Drone x2  
  81  9:05  Lurker Den, Drone  
  81  9:06  Drone  
  81  9:07  Drone x6, Hydralisk x2  
  81  9:08  Zergling x2  
  96  9:10  Baneling x5  
  96  9:11  Baneling x4  
  96  9:17  Overlord  
  96  9:18  Hydralisk  
  96  9:20  Muscular Augments  
  98  9:26  Drone  
  98  9:27  Drone x4  
  102  9:45  Zergling x2, Hydralisk x5  
  103  9:46  Zergling x4  
  114  9:58  Overlord x4  
  114  10:18  Hydralisk x8  
  130  10:25  Lurker x6  
  136  10:33  Infestation Pit  
  135  10:36  Drone x6  
  141  10:45  Evolution Chamber  
  141  10:46  Evolution Chamber  
  141  10:47  Queen  
  141  10:48  Overlord  
  141  10:49  Overlord x3  
  141  10:50  Zergling x2  
  141  10:51  Zergling x10  
  127  11:10  Hydralisk  
  127  11:11  Hydralisk  
  121  11:19  Spire  
Show
View Real Time Build Order
Export as new Build Order

ViBE Terran - Winner!

Build Orders: 2 Factory, Reaper Expand, Mech 

Get SALT Encoding   

  12  0:00  SCV  
  13  0:13  SCV  
  14  0:18  Supply Depot  
  14  0:25  SCV  
  15  0:39  SCV  
  15  0:42  Barracks  
  16  0:46  Refinery  
  16  0:51  SCV  
  17  1:03  SCV  
  18  1:17  SCV  
  19  1:29  Orbital Command  
  19  1:30  Reaper  
  20  1:46  Command Center  
  20  1:55  SCV  
  21  2:02  Supply Depot  
  21  2:10  Factory  
  21  2:11  SCV  
  22  2:16  Refinery  
  22  2:23  SCV  
  22  2:26  Barracks Reactor  
  23  2:35  SCV  
  24  2:47  SCV  
  25  2:58  Factory  
  25  2:59  SCV  
  26  3:09  Orbital Command  
  26  3:11  SCV  
  27  3:12  Supply Depot  
  27  3:14  Hellion  
  27  3:15  Hellion  
  27  3:18  Barracks Tech Lab  
  31  3:23  SCV  
  32  3:35  SCV, Supply Depot  
  32  3:40  SCV  
  33  3:49  SCV  
  33  3:52  SCV  
  33  3:53  Hellion x2  
  39  3:59  Infernal Pre-Igniter  
  39  4:01  SCV, Cyclone  
  43  4:05  SCV, Supply Depot  
  44  4:13  SCV  
  44  4:17  SCV  
  46  4:21  Hellion x2  
  50  4:25  SCV  
  50  4:28  Supply Depot  
  50  4:29  SCV  
  52  4:32  Command Center  
  52  4:39  SCV  
  52  4:41  SCV  
  54  4:48  Cyclone  
  54  4:49  Hellion x2  
  54  4:51  SCV  
  62  4:53  SCV  
  62  4:57  Refinery  
  62  4:58  Supply Depot, Refinery  
  63  5:12  Factory, Armory  
  63  5:14  Factory  
  63  5:15  SCV x2  
  63  5:17  Hellion  
  63  5:18  Hellion  
  69  5:27  SCV  
  70  5:40  Cyclone, Hellion x2  
  70  5:41  Mag-Field Accelerator  
  77  5:48  SCV x2, Supply Depot  
  77  5:49  Supply Depot  
  73  6:13  Cyclone  
  73  6:14  Factory Reactor, Hellion x2, Factory Tech Lab  
  75  6:40  SCV x2  
  75  6:45  Cyclone  
  78  6:51  Cyclone  
  78  6:52  SCV, Hellion x4, Orbital Command  
  90  6:57  Command Center  
  84  7:16  Hellion  
  84  7:17  Cyclone, Hellion x3  
  84  7:18  SCV x2  
  84  7:22  SCV  
  98  7:23  Hellion  
  98  7:28  Supply Depot, Terran Vehicle And Ship Armor Level 1  
  100  7:30  SCV x2  
  100  7:34  SCV  
  98  7:45  Cyclone  
  98  7:46  Hellion x4  
  98  7:49  Cyclone  
  98  7:50  SCV x3  
  112  8:00  Armory  
  112  8:02  SCV, Factory x2  
  105  8:13  Hellion x2  
  105  8:14  Hellion x2  
  109  8:26  Cyclone x2  
  110  8:33  SCV x3  
  107  8:39  Command Center  
  107  8:45  SCV x2  
  107  8:48  Supply Depot, Terran Vehicle Weapons Level 1  
  109  8:49  Supply Depot x3, Smart Servos  
  109  8:50  Factory  
  109  8:51  Factory  
  109  8:52  Factory Tech Lab x2  
  109  9:01  Siege Tank x2  
  109  9:02  Hellion x2  
  119  9:07  Engineering Bay  
  119  9:08  SCV x4  
  123  9:13  Refinery  
  123  9:15  Refinery  
  123  9:38  Factory Tech Lab, Siege Tank  
  123  9:39  Siege Tank x3  
  123  9:40  Hellion x4  
  142  9:45  SCV x2  
  142  9:48  Planetary Fortress  
  142  9:50  SCV  
  142  9:51  Refinery x2  
  144  9:53  Factory Reactor  
  144  9:57  SCV  
  144  9:58  SCV  
  146  10:02  SCV  
  147  10:09  SCV  
  148  10:16  Command Center  
  148  10:21  Thor, Siege Tank  
  149  10:22  Hellion  
  157  10:36  Command Center  
  157  10:53  Siege Tank  
  157  10:54  Hellbat  
  157  10:55  Hellbat x3  
  155  11:04  Thor x3  
  173  11:13  SCV x3  
  173  11:14  SCV  
  177  11:19  Hellbat  
  177  11:20  Hellbat  
  187  11:28  SCV x3, Hellbat  
Tags
 
Add a new tag
Caveats
  • Supply blocks, unpowered buildings, or Contaminate may cause inaccurate times.
  • Supply counts are checked every 10 seconds.